AoeStats
← Cinnamoroll

African Clearing

505164707Analyzed
4v4 RM · 25d ago on Sep 8, 2026· 32m 7s· 8 players
Game mode
Random Map
Map size
Large (8 player)
Population
200
Speed
Normal
Resources
Standard
Victory
Conquest
Starting age
Dark Age
Ending age
Imperial Age
RankedLock teamsTeams togetherTeam positionsShared explorationLock speedFull tech treeHidden civsTurbo modeCheats
Victory
Defeat
🇨🇷 Tupi · Costa Rica
1613
+14
🇦🇷 Jurchens · Argentina
1580
+16
🇦🇷 Magyars · Argentina
1568
+16
🇺🇸 Koreans · United States
1515
+19
🇧🇷 Bulgarians · Brazil
1609
-18
🇲🇽 Bengalis · Mexico
1577
-16
🇲🇽 Franks · Mexico
1569
-16
🇨🇦 Celts · Canada
1545
-15
DS_Erick307
3:20 Loom
11:32 Feudal Age
12:14 Double-Bit Axe
12:23 Loom
20:07 Castle Age
21:07 Horse Collar
25:13 Bloodlines
25:42 Scale Barding Armor
26:30 Gold Mining
27:40 Chain Barding Armor
27:16 Fletching
28:54 Bow Saw
DS_Reg
11:08 Loom
13:05 Feudal Age
14:46 Double-Bit Axe
17:06 Castle Age
18:02 Fletching
19:13 Bodkin Arrow
27:45 Ballistics
29:12 Husbandry
31:52 Horse Collar
DS_Moai
12:02 Loom
14:01 Feudal Age
15:33 Double-Bit Axe
18:11 Castle Age
16:59 Fletching
18:24 Gold Mining
19:29 Bow Saw
27:03 Ballistics
27:16 Town Watch
28:09 Padded Archer Armor
28:43 Bodkin Arrow
29:37 Horse Collar
32:06 Husbandry
DS_TheHeartless
12:25 Feudal Age
12:19 Loom
13:05 Town Watch
16:19 Castle Age
15:11 Double-Bit Axe
21:19 Bow Saw
21:34 Fletching
22:46 Bodkin Arrow
24:48 Horse Collar
31:25 Wheelbarrow
32:01 Padded Archer Armor
Cinnamoroll
6:27 Loom
15:05 Feudal Age
18:49 Castle Age
18:46 Double-Bit Axe
19:30 Padded Archer Armor
19:47 Bow Saw
19:13 Elite Skirmisher
20:52 Fletching
26:23 Bodkin Arrow
ferdago308
13:29 Feudal Age
12:10 Loom
17:15 Castle Age
16:12 Double-Bit Axe
18:12 Bow Saw
19:57 Fletching
22:00 Bodkin Arrow
ferminsin
9:14 Loom
11:46 Feudal Age
12:23 Double-Bit Axe
22:02 Castle Age
20:48 Scale Barding Armor
21:44 Forging
25:09 Light Cavalry
25:51 Husbandry
28:02 Chain Barding Armor
逆·风
6:05 Loom
16:41 Feudal Age
17:57 Double-Bit Axe
17:56 Fishing Lines
22:41 Castle Age
21:45 Fletching
24:23 Wheelbarrow
24:15 Town Watch
27:45 Bodkin Arrow
29:23 Scale Mail Armor
31:16 Pikeman
Connection lost

Rejoining the realm…

Still unreachable

The connection could not be restored.

Session expired

The server has moved on; the page needs a fresh start.